 Dungeon Crawl Stone Soup version 0.31-a0-145-g046c7d2549 (webtiles) character file.

Game seed: 16679643087358826469

15330 nicolae the Destroyer (level 11, -4/92 HPs)
             Began as a Demigod Conjurer on June 7, 2023.
             Killed from afar by an oklob plant (34 damage)
             ... with a splash of acid
             ... on level 2 of the Lair of Beasts.
             The game lasted 00:50:59 (15096 turns).

nicolae the Destroyer (Demigod Conjurer)           Turns: 15096, Time: 00:51:00

Health: -4/92      AC: 12    Str:  8    XL:     11   Next: 68%
Magic:  31/31      EV: 13    Int: 32    God:
Gold:   760        SH:  0    Dex: 12    Spells: 3/20 levels left

rFire   . . .        e - +3 battleaxe (protect)
rCold   + . .        (shield currently unavailable)
rNeg    . . .        E - +4 troll leather armour {Pargi}
rPois   .            i - +2 helmet
rElec   .            b - +1 cloak
rCorr   .            K - +0 pair of gloves
SInv    .            x - +2 pair of boots
Will    +....        l - amulet of regeneration
Stlth   ++           d - ring of magical power
HPRegen 1.95/turn    m - ring of protection from cold
MPRegen 0.22/turn

%: no passive effects
@: corroded, under a protective aura
A: high MP 1, forlorn, divine attributes
a: no special abilities


You were on level 2 of the Lair of Beasts.
You visited 2 branches of the dungeon, and saw 13 of its levels.
You also visited: Sewer and Ossuary.

You collected 760 gold pieces.

Inventory:

Hand Weapons
 a - the +2 dagger of Hucefu {flame, rC+ rCorr Str+3}
   (You found it on level 4 of the Dungeon)

   Str:       It affects your strength (+3).
   rC:        It protects you from cold.
   rCorr:     It protects you from acid and corrosion.
 e - a +3 battleaxe of protection (weapon)
Missiles
 r - 41 poisoned darts
 y - 5 boomerangs of dispersal
 z - 10 boomerangs
 H - a curare-tipped dart
Armour
 b - a +1 cloak (worn)
 i - a +2 helmet (worn)
 x - a +2 pair of boots (worn)
 E - a +4 troll leather armour (worn) {Pargi}
 K - a +0 pair of gloves (worn)
Jewellery
 d - a ring of magical power (left hand)
 f - a +6 ring of strength
 l - an amulet of regeneration (around neck)
 m - a ring of protection from cold (right hand)
 C - a ring of see invisible
 I - a +6 ring of strength
Wands
 k - a wand of charming (15)
 M - a wand of flame (4)
Scrolls
 g - 4 scrolls of magic mapping
 h - a scroll of poison
 o - a scroll of immolation
 s - a scroll of blinking
 A - 2 scrolls of fog
 B - 6 scrolls of teleportation
 D - a scroll of vulnerability
 G - a scroll of fear
 J - a scroll of amnesia
 L - 3 scrolls of identify
 N - a scroll of enchant armour
Potions
 c - 3 potions of mutation
 j - 3 potions of brilliance
 n - 2 potions of lignification
 p - a potion of cancellation
 q - a potion of haste
 t - 7 potions of heal wounds
 u - 5 potions of curing
 v - 2 potions of might
 w - a potion of invisibility
 F - a potion of resistance
 O - 2 potions of attraction


   Skills:
 - Level 7.0 Fighting
 + Level 8.5 Axes
 - Level 7.0 Dodging
 - Level 1.7 Stealth
 - Level 5.0 Spellcasting
 - Level 10.0 Conjurations
 - Level 7.0 Translocations


You had 3 spell levels left.
You knew the following spells:

 Your Spells              Type           Power      Damage    Failure   Level
a - Magic Dart            Conj           100%       1d8       1%          1
b - Searing Ray           Conj           100%       2d8       1%          2
c - Iskenderun's Mystic   Conj/Tloc      58%        2d12      2%          4
d - Blink                 Tloc           100%       N/A       1%          2
e - Fulminant Prism       Conj/Hex       20%        3d12      10%         4
f - Manifold Assault      Tloc           51%        N/A       4%          4

Your spell library contained the following spells:

 Spells                   Type           Power      Damage    Failure   Level
 Dazzling Flash           Conj/Hex       80%        N/A       2%          3
 Storm Form               Tmut/Air       4%         N/A       100%        7


Dungeon Overview and Level Annotations

Branches:
Dungeon (11/15)            Temple (0/1) D:5            Lair (2/5) D:9
 Spider (0/4) Lair:2          Orc (0/2) D:10          Sewer (visited)
Ossuary (visited)
  Swamp: Lair:2-3    Shoals: Lair:2-3

Annotations:
Lair:2 exclusion: oklob plant


Innate Abilities, Weirdness & Mutations

You have an increased reservoir of magic. (+10% MP)
You shall have no god before yourself.
Your divine heritage dramatically boosts your attributes as you level up.


Message History

You flicker back into view.
You hit the oklob plant.
The oklob plant is heavily damaged.
You are no longer corroded.
The oklob plant spits acid at you.
The splash of acid hits you but does no damage.
You hit the oklob plant but do no damage.
The oklob plant is heavily damaged.
The oklob plant spits acid at you. The splash of acid hits you!!
The acid corrodes you!
You slash the oklob plant!
The oklob plant is severely damaged.
You hit the oklob plant but do no damage.
The oklob plant is severely damaged.
The oklob plant spits acid at you. The splash of acid hits you!
The oklob plant spits acid at you. The splash of acid hits you!
* * * LOW HITPOINT WARNING * * *
The acid corrodes you!
You feel much better. The oklob plant spits acid at you.
The splash of acid hits you!
* * * LOW HITPOINT WARNING * * *
The acid corrodes you!
You hit the oklob plant.
The oklob plant is severely damaged.
You hit the oklob plant but do no damage.
The oklob plant is severely damaged.
You hit the oklob plant but do no damage.
The oklob plant is severely damaged.
The oklob plant spits acid at you. The splash of acid hits you!!
* * * LOW HITPOINT WARNING * * *
The acid corrodes you!
You hit the oklob plant but do no damage.
The oklob plant is severely damaged.
The oklob plant spits acid at you. The splash of acid hits you!!
You die...

..##...............P#
...#...##.....####.##
...#...##.....# #..#
...#...#...#....##.##
..##...#...#...###..#
..#....##.....##....#
..##...##..#..#..#.##
..........)#
......P@...#
...........#
......#...##
......##..# .....
#..# .$... ...# ....
#.(. .... ..#.


You could see an oklob plant.

Vanquished Creatures
  A two-headed ogre (D:11)
  A skyshark (Lair:2)
  4 cane toads
  Psyche (D:11)
  A rime drake (Lair:2)
  A troll (D:10)
  11 blink frogs
  Prince Ribbit (D:5)
  A jumping spider (Lair:2)
  2 wyverns
  A wraith (D:10)
  2 vampires
  15 yaks
  A basilisk (Lair:1)
  2 vampire mosquitoes (D:11)
  2 acid dragons
  4 water moccasins
  Pargi (Sewer)
  2 orc warriors
  3 ice beasts
  2 black bears
  A sky beast (D:6)
  An ogre (D:5)
  9 wolves
  3 centaurs
  A phantom (D:6)
  An elf zombie (D:4)
  4 kobold brigands
  A gnoll sergeant (D:10)
  16 bullfrogs
  2 scorpions (D:7)
  An elf skeleton (D:4)
  13 wights
  12 killer bees (D:8)
  5 howler monkeys
  A human zombie (D:4)
  2 hounds
  3 jellies
  2 orc priests
  A gnoll bouda (D:7)
  3 iguanas
  A human skeleton (D:4)
  8 orc wizards
  3 mummies (Ossuary)
  11 gnolls
  13 adders
  A river rat (D:6)
  A shadow imp (D:8)
  3 white imps
  5 adder zombies (Ossuary)
  A worm (D:10)
  4 dart slugs
  26 orcs
  7 bats
  6 endoplasms
  4 giant cockroaches
  13 goblins
  10 hobgoblins
  7 jackals
  28 kobolds
  4 quokkas
  8 ball pythons
  3 frilled lizards
  A goblin zombie (Ossuary)
  5 hobgoblin zombies (Ossuary)
  A kobold zombie (Ossuary)
  2 orc skeletons (D:4)
  3 quokka zombies (Ossuary)
  6 rats
  3 rat zombies (Ossuary)
329 creatures vanquished.

Vanquished Creatures (others)
  9 fulminant prisms
9 creatures vanquished.

Grand Total: 338 creatures vanquished

Notes
Turn   | Place    | Note
-------+----------+-------------------------------------------
     0 | D:1      | nicolae the Demigod Conjurer began the quest for the Orb.
     0 | D:1      | Reached XP level 1. HP: 14/14 MP: 5/5
   192 | D:1      | Reached skill level 4 in Conjurations
   446 | D:1      | Reached XP level 2. HP: 20/20 MP: 2/7
  1030 | D:1      | Learned a level 2 spell: Searing Ray
  1109 | D:2      | Reached XP level 3. HP: 26/26 MP: 8/8
  1403 | D:2      | Reached skill level 5 in Conjurations
  1645 | D:2      | Reached XP level 4. HP: 33/33 MP: 9/9
  2593 | D:3      | Reached skill level 6 in Conjurations
  2622 | D:3      | Reached XP level 5. HP: 32/38 MP: 10/10
  3253 | D:3      | Learned a level 4 spell: Iskenderun's Mystic Blast
  3388 | D:4      | Identified the +2 dagger of Hucefu {flame, rC+ rCorr Str+3}
  3456 | D:4      | Reached skill level 1 in Translocations
  3623 | D:4      | Reached XP level 6. HP: 42/45 MP: 11/11
  3827 | D:4      | Reached skill level 7 in Conjurations
  3853 | D:4      | Found a sand-covered staircase.
  3859 | Ossuary  | Entered an ossuary
  4842 | D:5      | Entered Level 5 of the Dungeon
  4842 | D:5      | Noticed Prince Ribbit
  4995 | D:5      | Reached XP level 7. HP: 46/50 MP: 12/12
  5097 | D:5      | Reached skill level 1 in Fighting
  5242 | D:5      | Killed Prince Ribbit
  5448 | D:5      | Found a staircase to the Ecumenical Temple.
  5677 | D:6      | Reached XP level 8. HP: 49/63 MP: 13/13
  5729 | D:6      | Learned a level 2 spell: Blink
  6035 | D:6      | Found a glowing drain.
  6047 | Sewer    | Entered a sewer
  6132 | Sewer    | Noticed Pargi
  6138 | Sewer    | Killed Pargi
  6139 | Sewer    | Reached skill level 5 in Dodging
  6261 | D:6      | Reached skill level 5 in Fighting
  7008 | D:7      | Reached skill level 8 in Conjurations
  7306 | D:7      | Reached XP level 9. HP: 67/74 MP: 13/14
  7386 | D:7      | Reached skill level 9 in Conjurations
  8559 | D:8      | Reached skill level 10 in Conjurations
  8564 | D:8      | Learned a level 4 spell: Fulminant Prism
  8899 | D:8      | Reached skill level 5 in Spellcasting
  9748 | D:9      | Identified the +5 long sword "Roguesk" {flame, rElec}
  9802 | D:9      | Found a staircase to the Lair.
  9874 | D:9      | Learned a level 4 spell: Manifold Assault
 10147 | D:9      | Reached XP level 10. HP: 81/81 MP: 21/21
 10359 | D:10     | Entered Level 10 of the Dungeon
 10727 | D:10     | Reached skill level 5 in Translocations
 11197 | D:10     | Found a staircase to the Orcish Mines.
 12610 | D:11     | Noticed a two-headed ogre
 12627 | D:11     | Killed a two-headed ogre
 12690 | D:11     | Noticed Psyche
 12882 | D:11     | Killed Psyche
 13026 | D:11     | Reached skill level 1 in Axes
 13387 | Lair:1   | Entered Level 1 of the Lair of Beasts
 13609 | Lair:1   | Reached XP level 11. HP: 91/92 MP: 18/22
 14041 | Lair:2   | Found a hole to the Spider Nest.
 14059 | Lair:2   | Reached skill level 5 in Axes
 14131 | Lair:2   | Noticed a skyshark
 14154 | Lair:2   | Killed a skyshark
 15096 | Lair:2   | Killed from afar by an oklob plant

Illustrated notes

Levels and vault maps discovered:
D:1:      dpeg_arrival_yet_another_circle, layout_loops_ring,
          shapermc_ecumenical_altar_ellora, fountainhead
D:2:      layout_basic, st_stairs_8, hex_tiny
D:3:      layout_basic, serial_glass, glass_columns_b, glass_columns_b,
          glass_columns_a, glass_columns_b, glass_columns_b,
          minmay_misc_feat_columns
D:4:      layout_loops_ring, overflow_temple_1_default, serial_aquarium,
          aquarium_bridge_square [aquarium_subvault_bridge,
          aquarium_subvault_bridge, aquarium_subvault_bridge,
          aquarium_subvault_wall], aquarium_window_fake, aquarium_window_1,
          aquarium_window_fake, aquarium_view_2b, aquarium_pool_side,
          nicolae_ossuary_entry_catacombs, chequers_serial_rivers_small_3
D:5:      layout_basic, mainiacjoe_overflow_six_doors_small,
          minmay_temple_entry_overgrown, minivault_24, uniq_prince_ribbit1
D:6:      layout_rooms, mainiacjoe_overflow_24_doors,
          mainiacjoe_overflow_cross_hatched, gup_sewer_entry_bubbles
D:7:      layout_basic, kennysheep_mini, mainiacjoe_overflow_catwalk,
          xom_butterflies
D:8:      layout_basic, worldfamousw_hep_ancestral_shrine
D:9:      layout_long_grid, jmf_multi_god_temple, lair_entry_dummy
D:10:     layout_cave_pods, lemuel_crystal_altar, slow_altar_2,
          hiddenorc1_lemuel, kennysheep_generic_room_3
D:11:     layout_loops_ring, uniq_psyche
Lair:1:   layout_hall_layers
Lair:2:   layout_long_grid, spider_nest_entry_rubble, grunt_megastairs_3

Skill      XL: |  1  2  3  4  5  6  7  8  9 10 11 |
---------------+----------------------------------+-----
Conjurations   | 4 5 6 7 8 10 | 10.0
Translocations | 1 3 4 6 7 |  7.0
Fighting       | 3 5 7 |  7.0
Dodging        | 4 5 7 |  7.0
Spellcasting   | 5 |  5.0
Axes           | 2 8 |  8.5
Stealth        | |  1.7

Action                     |  1- 3 |  4- 6 |  7- 9 | 10-12 || total
---------------------------+-------+-------+-------+-------++-------
  Melee: War axe           |       |   109 |   101 |    18 ||   228
         Halberd           |       |     2 |     5 |       ||     7
         Battleaxe         |       |       |       |   201 ||   201
         Flail             |       |       |       |    16 ||    16
   Cast: Magic Dart        |    72 |   130 |   263 |   178 ||   643
         Searing Ray       |     1 |     8 |    30 |    14 ||    53
         Iskenderun's Myst |       |     1 |     7 |    47 ||    55
         Fulminant Prism   |       |       |       |     9 ||     9
         Manifold Assault  |       |       |       |    18 ||    18
    Use: Scroll            |       |    11 |    16 |     7 ||    34
         Potion            |       |       |     1 |     6 ||     7
   Stab: Sleeping          |       |     3 |     1 |       ||     4
         Invisible         |       |       |       |     3 ||     3
 Armour: Leather armour    |     2 |    66 |    33 |       ||   101
         Troll leather arm |       |       |    85 |   242 ||   327
         Skin              |       |       |       |     2 ||     2
  Dodge: Dodged            |     1 |   104 |   210 |   279 ||   594

Table legend: (Time is in decaauts)
 A = Elapsed time spent in this place.
 B = Non-inter-level travel time spent in this place.
 C = Inter-level travel time spent in this place.
 D = Time resting spent in this place.
 E = Time spent auto-exploring this place.
 F = Levels seen in this place.
 G = Mean time per level.
                   A        B        C        D        E       F      G
               +--------+--------+--------+--------+--------+-----+--------+
         Total |  15369 |  14750 |    619 |   1473 |  10374 |  15 | 1024.6 |
       Dungeon |  13489 |  12870 |    619 |   1272 |   9357 |  11 | 1226.3 |
          Lair |   1435 |   1435 |      0 |    117 |    893 |   2 |  717.5 |
         Sewer |    180 |    180 |      0 |      0 |    124 |   1 |  180.0 |
       Ossuary |    264 |    264 |      0 |     84 |      0 |   1 |  264.0 |
               +--------+--------+--------+--------+--------+-----+--------+

Top non-repeatable levels by time:
    D:10: 1973 daAuts
     D:7: 1556 daAuts
     D:4: 1463 daAuts
     D:8: 1420 daAuts
     D:9: 1245 daAuts
     D:2: 1152 daAuts
  Lair:2: 1106 daAuts
     D:3: 1056 daAuts
     D:1: 1043 daAuts
     D:6: 1031 daAuts
    D:11: 932 daAuts
     D:5: 613 daAuts
  Lair:1: 328 daAuts
 Ossuary: 264 daAuts
   Sewer: 180 daAuts
